AoeStats
← El loco

Arabia

512797079Analyzed
1v1 RM · 6d ago on Oct 11, 2026· 35m 48s· 2 players
Game mode
Random Map
Map size
Tiny (2 player)
Population
200
Speed
Normal
Resources
Standard
Victory
Conquest
Starting age
Dark Age
Ending age
Imperial Age
RankedLock teamsTeams togetherTeam positionsShared explorationLock speedFull tech treeHidden civsTurbo modeCheats
Victory
Defeat
🇦🇷 Byzantines · Argentina
1245
+15
vs
🇨🇱 Lithuanians · Chile
1214
-15
El loco
6:38 Loom
9:11 Feudal Age
9:44 Double-Bit Axe
21:42 Castle Age
19:28 Horse Collar
19:51 Fletching
20:52 Padded Archer Armor
21:54 Crossbowman
23:10 Bodkin Arrow
24:43 Fervor
26:24 Pikeman
27:05 Squires
27:48 Gold Mining
30:45 Wheelbarrow
33:54 Imperial Age
31:47 Ballistics
31:23 Murder Holes
33:47 Husbandry
33:56 Scale Barding Armor
34:02 Forging
34:07 Leather Archer Armor
33:54 Scale Mail Armor
36:00 Chain Barding Armor
36:37 Conscription
DL | Nato
7:01 Loom
8:46 Feudal Age
10:02 Double-Bit Axe
13:57 Horse Collar
18:27 Fletching
22:00 Castle Age
21:26 Bloodlines
21:23 Scale Barding Armor
22:22 Elite Skirmisher
25:01 Bow Saw
24:52 Gold Mining
25:44 Wheelbarrow
27:48 Light Cavalry
30:28 Town Watch
31:32 Heavy Plow
32:34 Bodkin Arrow
33:00 Chain Barding Armor
32:56 Husbandry
38:09 Imperial Age
35:37 Pikeman
Connection lost

Rejoining the realm…

Still unreachable

The connection could not be restored.

Session expired

The server has moved on; the page needs a fresh start.